Map: Terrasses de Prion

Players

ColdStomana

  • Race: Terran Terran
  • Spawn Location: 5:00

zidar - Winner!

  • Race: Zerg Zerg
  • League: Silver
  • Spawn Location: 11:00

VOD

Have the link to the VOD?

Description

Time

  • Played on: March 4, 2016, 10:07 a.m.
  • Length: 5:15
Show
View Real Time Build Order
Export as new Build Order

ColdStomana Terran 

Build Orders:  

Get SALT Encoding   

  12  0:01  SCV  
  13  0:13  SCV  
  14  0:25  SCV  
  14  0:27  Supply Depot  
  15  0:40  Supply Depot  
  15  0:49  SCV  
  16  0:51  Barracks  
  16  0:56  Refinery  
  16  1:06  SCV  
  17  1:13  Refinery  
  17  1:18  SCV  
  17  1:48  SCV  
  18  1:55  Barracks  
  18  1:56  Barracks Tech Lab  
  18  2:00  SCV  
  19  2:12  SCV  
  20  2:20  Marine  
  20  2:21  Bunker  
  21  2:25  SCV  
  22  2:38  Marine, SCV  
  24  2:50  SCV  
  25  2:57  Marauder  
  27  3:04  Command Center  
  27  3:07  Marine  
  28  3:26  Barracks Tech Lab  
  28  3:29  Marauder  
  28  3:32  SCV  
  31  3:42  Supply Depot  
  31  3:51  Combat Shield  
  31  3:52  Concussive Shells  
  31  4:02  SCV  
  31  4:08  Marine x2  
  8  4:26  Marine x2  
  7  4:34  SCV  
  8  4:49  SCV  
Show
View Real Time Build Order
Export as new Build Order

zidar Zerg - Winner!

Build Orders: Hatch First 

Get SALT Encoding   

  12  0:02  Drone  
  13  0:12  Overlord  
  13  0:17  Drone  
  14  0:30  Drone x2  
  14  0:35  Drone  
  17  0:55  Hatchery  
  17  0:57  Drone  
  17  1:12  Spawning Pool  
  17  1:14  Drone  
  17  1:18  Extractor  
  17  1:20  Drone  
  17  1:27  Drone  
  17  1:31  Overlord  
  16  1:51  Drone  
  17  1:56  Drone  
  17  1:58  Queen  
  20  2:07  Queen  
  22  2:10  Zergling x2  
  22  2:14  Zergling x2  
  24  2:26  Metabolic Boost  
  24  2:32  Zergling x6  
  27  3:01  Zergling x2  
  27  3:02  Zergling x10  
  33  3:19  Overlord  
  33  3:20  Overlord  
  33  3:36  Lair  
  33  3:37  Extractor  
  32  3:45  Drone x6  
  31  4:23  Zergling x12  
  33  4:39  Zergling x6  
Tags
 
League
Silver
Matchup
TvZ
Spawn Locations
Cross Positions
Add a new tag
Caveats
  • Supply blocks, unpowered buildings, or Contaminate may cause inaccurate times.
  • Supply counts are checked every 10 seconds.